 Dungeon Crawl Stone Soup version 0.16-a0-3159-ge6ac362 (webtiles) character file.

74 doublediamondsmb the Firebug (level 4, -6/33 HPs)
             Began as a Salamander Fire Elementalist on Sept 22, 2015.
             Mangled by dtom's ghost (13 damage)
             ... on level 3 of the Dungeon.
             The game lasted 00:10:24 (2120 turns).

doublediamondsmb the Firebug (SaFE)                 Turns: 2120, Time: 00:10:25

Health: -6/33      AC:  7    Str:  7    XL:     4   Next: 9%
Magic:  9/10       EV: 13    Int: 17    God:
Gold:   88         SH:  0    Dex: 18    Spells: 4 memorised, 0 levels left

rFire  . . .     SeeInvis .     f - +0 dagger (venom)
rCold  x . .     Clarity  .     a - +0 robe
rNeg   . . .     SustAb   .     (no shield)
rPois  .         Gourm    .     (no helmet)
rElec  .         Spirit   .     (no cloak)
rCorr  .         Warding  .     d - +2 pair of gloves
rMut   .         Stasis   .     (no barding)
MR     .....                    (no amulet)
Stlth  ++........               (no ring)
                                m - +4 ring of dexterity

@: very slow, not resistant to hostile enchantments, unstealthy
A: fiery attack, slowness 2, tough skin 2, cold vulnerability 1
a: no special abilities


You were on level 3 of the Dungeon.
You were hungry.

You visited 1 branch of the dungeon, and saw 3 of its levels.

You collected 88 gold pieces.

Inventory:

Hand weapons
 e - a +1 whip of electrocution
 f - a +0 dagger of venom (weapon)
Armour
 a - a +0 robe (worn)
 d - a +2 pair of gloves (worn)
Jewellery
 m - a +4 ring of dexterity (left hand)
Scrolls
 g - a scroll of teleportation
 l - 2 scrolls of enchant armour
Potions
 h - 3 potions of curing
 k - a potion of flight {unknown}
Books
 b - a book of Flames

   Spells                             Type                      Level
   a - Flame Tongue                   Conjuration/Fire             1
   b - Throw Flame                    Conjuration/Fire             2
   c - Conjure Flame                  Conjuration/Fire             3
   d - Inner Flame                    Hexes/Fire                   3
   e - Sticky Flame                   Conjuration/Fire             4
   f - Fireball                       Conjuration/Fire             5
Comestibles
 c - 2 bread rations
 i - 2 meat rations


   Skills:
 + Level 0.2 Short Blades
 + Level 2.3 Dodging
 + Level 2.5 Stealth
 + Level 3.0 Spellcasting
 + Level 2.1 Conjurations
 + Level 4.8 Fire Magic


You couldn't memorise any spells.
You knew the following spells:

 Your Spells              Type           Power        Failure   Level  Hunger
a - Flame Tongue          Conj/Fire      ##...        4%          1    None
b - Throw Flame           Conj/Fire      ##....       10%         2    ##.....
c - Conjure Flame         Conj/Fire      ##......     14%         3    ###....
d - Inner Flame           Hex/Fire       ##......     21%         3    ###....


Dungeon Overview and Level Annotations

Branches:
Dungeon (3/15)

Altars:

Annotations:
D:3 dtom's ghost, average SaFi


Innate Abilities, Weirdness & Mutations

Your melee attacks set your foes ablaze.
You cannot wear boots.
You cover ground very slowly.
You have very tough skin (AC +2).
You are vulnerable to cold.


Message History

You hit dtom's ghost but do no damage.
Dtom's ghost is lightly damaged.
Dtom's ghost barely misses you.
You hit dtom's ghost.
Dtom's ghost is engulfed in flames.
Dtom's ghost is lightly damaged.
Dtom's ghost hits you!
You hit dtom's ghost but do no damage.
Dtom's ghost is lightly damaged.
Dtom's ghost closely misses you.
You hit dtom's ghost but do no damage.
Dtom's ghost is lightly damaged.
Dtom's ghost completely misses you.
You hit dtom's ghost but do no damage.
Dtom's ghost is lightly damaged.
Dtom's ghost hits you.
* * * LOW HITPOINT WARNING * * *
You barely miss dtom's ghost.
Dtom's ghost is lightly damaged.
Dtom's ghost hits you!
You die...

#.##.#.##.#
#>###.###.# # #.#
#.###.# #.#(#
#.....#
#.#.#######.#
#.((........#
###.#######..!......
#.###############
#.@W..........
##############


You could see dtom's ghost.

Vanquished Creatures
  3 adders
  A worm (D:2)
  2 ball pythons (D:1)
  6 goblins
  7 hobgoblins
  7 kobolds
  8 bats
  A giant cockroach (D:1)
  A giant gecko (D:1)
  2 giant newts (D:1)
  A quokka (D:2)
  3 rats
42 creatures vanquished.

Notes
Turn   | Place    | Note
--------------------------------------------------------------
     0 | D:1      | doublediamondsmb, the Salamander Fire Elementalist, began the quest for the Orb.
     0 | D:1      | Reached XP level 1. HP: 14/14 MP: 3/3
   130 | D:1      | Reached XP level 2. HP: 20/20 MP: 0/6
   357 | D:1      | Learned a level 2 spell: Throw Flame
   575 | D:1      | Reached XP level 3. HP: 26/26 MP: 0/7
  1744 | D:2      | Reached XP level 4. HP: 33/33 MP: 0/10
  1749 | D:2      | Learned a level 3 spell: Conjure Flame
  1753 | D:2      | Learned a level 3 spell: Inner Flame
  1972 | D:3      | Noticed dtom's ghost (average SaFi)
  2120 | D:3      | Mangled by dtom's ghost

Action                   |  1- 3 |  4- 6 || total
-------------------------+-------+-------++-------
Melee: Unarmed           |     7 |       ||     7
       Dagger            |    12 |    10 ||    22
 Cast: Flame Tongue      |    16 |     6 ||    22
       Throw Flame       |    41 |     1 ||    42
       Conjure Flame     |       |     3 ||     3
       Inner Flame       |       |     1 ||     1
  Use: Scroll            |     8 |       ||     8
  Eat: Bread ration      |     1 |       ||     1
       Pizza             |       |     1 ||     1
